 Dungeon Crawl Stone Soup version 0.22-a0-406-g9ff8d77 (webtiles) character file.

270 Borgoz the Skirmisher (level 6, -5/38 HPs)
             Began as a Gargoyle Abyssal Knight on May 8, 2018.
             Was a Believer of Lugonu.
             Killed by divine providence
             ... invoked by an orc priest
              (13 damage)
             ... on level 4 of the Dungeon.
             The game lasted 00:06:31 (2993 turns).

Borgoz the Skirmisher (Gargoyle Abyssal Knight)     Turns: 2993, Time: 00:06:32

Health: -5/38      AC: 15    Str: 13 (15) XL:     6   Next: 22%
Magic:  8/8        EV:  4    Int: 17 (18) God:    Lugonu [**....]
Gold:   104        SH:  0    Dex:  8 (11) Spells: 5/5 levels left

rFire    . . .     SeeInvis .   a - +1 hand axe
rCold    . . .     Gourm    .   (no shield)
rNeg     + . .     Faith    .   f - +0 plate armour
rPois    ∞         Spirit   .   (no helmet)
rElec    +         Reflect  .   (no cloak)
rCorr    +         Harm     .   (no gloves)
MR       .....                  (no boots)
Stlth    ..........             (no amulet)
HPRegen  0.12/turn              m - +5 ring of intelligence
MPRegen  0.11/turn              p - ring of resist corrosion

@: no status effects
A: negative energy resistance 1, electricity resistance, unbreathing,
petrification resistance, rot immunity, AC +4
a: Depart the Abyss, Bend Space, Renounce Religion


You were on level 4 of the Dungeon.
You worshipped Lugonu.
Lugonu was pleased with you.
You were not hungry.

You visited 1 branch of the dungeon, and saw 4 of its levels.
You visited the Abyss 1 time.

You collected 104 gold pieces.

Inventory:

Hand Weapons
 a - a +1 hand axe (weapon)
 b - a +4 flail
Armour
 f - a +0 plate armour (worn)
Jewellery
 m - a +5 ring of intelligence (left hand)
 p - a ring of resist corrosion (right hand)
Scrolls
 d - a scroll of immolation {unknown}
 h - 8 scrolls of identify {unknown}
 i - 3 scrolls of remove curse
 l - a scroll of enchant weapon {unknown}
 o - a scroll of amnesia {unknown}
Potions
 g - a potion of flight
 j - a potion of might {unknown}
 k - a potion of degeneration
Comestibles
 c - 6 rations
 r - 3 chunks of flesh


   Skills:
 + Level 4.1 Fighting
 * Level 3.7 Axes
 + Level 3.4 Armour
 + Level 2.1 Dodging
 + Level 3.1 Invocations


You had 5 spell levels left.
You didn't know any spells.

Dungeon Overview and Level Annotations

Branches:
Dungeon (4/15)
 Temple: D:4-7

Altars:


Innate Abilities, Weirdness & Mutations

You are resistant to torment.
Your stone body is resilient. (AC +4)
You are immune to poison.
You resist negative energy. (rN+)
You are resistant to electric shocks. (rElec)
You can survive without breathing.
You are immune to petrification.
You are immune to rotting.


Message History

The orc priest calls down the wrath of Beogh upon you.
Pain shoots through your body!
* * * LOW HITPOINT WARNING * * *
The orc priest hits you but does no damage.
The orc wizard hits you with a dagger.
* * * LOW HITPOINT WARNING * * *
Some of the chunks of flesh in your inventory have rotted away.
You closely miss the orc wizard.
The orc wizard is lightly wounded.
You hit the orc priest but do no damage.
The orc wizard mumbles some strange words.
The orc wizard blinks!
The orc priest hits you but does no damage.
The orc wizard hits you but does no damage.
You hit the orc priest.
The orc priest is heavily wounded.
You hit the orc wizard. The orc wizard closely misses you.
The orc priest invokes the aid of Beogh against you.
Beogh smites you!
You die...

.........### #.<#
...>.....# #..
..####..## #.
##..# #########
#...#####........
#..##............
#................
#####....o)......
##.o@.)......
###........(
##......##
########


You could see an orc priest and an orc wizard.

Vanquished Creatures
  An orc priest (D:3)
  3 orc wizards (D:3)
  2 gnolls (D:1)
  5 adders
  2 oozes (D:1)
  A dart slug (D:1)
  2 leopard geckos
  14 orcs
  3 giant cockroaches
  10 goblins
  6 hobgoblins
  7 jackals (D:1)
  4 quokkas (D:2)
  A ball python (D:2)
  A bat (D:1)
  4 frilled lizards
  7 kobolds
  9 rats
82 creatures vanquished.

Vanquished Creatures (others)
  An orc (D:3)
1 creature vanquished.

Grand Total: 83 creatures vanquished

Notes
Turn   | Place    | Note
-------+----------+-------------------------------------------
     0 | Abyss:1  | Borgoz the Gargoyle Abyssal Knight began the quest for the Orb.
     0 | Abyss:1  | Reached XP level 1. HP: 14/14 MP: 2/2
    23 | Abyss:2  | Got a slimy robe
    34 | Abyss:2  | Identified the +1 robe "Ishinuscha" {rElec rC+} (You found it on level 2 of the Abyss)
    40 | Abyss:2  | Noticed a thrashing horror
    45 | D:1      | Escaped the Abyss
   127 | D:1      | Reached * piety under Lugonu
   140 | D:1      | Reached skill level 1 in Dodging
   140 | D:1      | Reached XP level 2. HP: 10/19 MP: 3/3
   438 | D:1      | Reached XP level 3. HP: 23/23 MP: 4/4
   602 | D:1      | Reached XP level 4. HP: 28/28 MP: 5/5
  1012 | D:2      | Reached ** piety under Lugonu
  1553 | D:3      | Reached XP level 5. HP: 24/33 MP: 5/7
  1885 | D:3      | Reached skill level 4 in Fighting
  2784 | D:3      | Reached XP level 6. HP: 23/38 MP: 8/8
  2993 | D:4      | Killed from afar by an orc priest

Vault maps used:
D:1:      evilmike_arrival_hilbert_curve
D:2:      nicolae_overflow_hidden_temple, first_ration
D:4:      serial_shops, shop, uniq_blork_the_orc

Skill      XL: |  1  2  3  4  5 |
---------------+----------------+-----
Axes           | 2 3 |  3.7
Dodging        | 1 2 |  2.1
Armour         | 3 |  3.4
Fighting       | 4 |  4.1
Invocations    | 3 |  3.1

Action                   |  1- 3 |  4- 6 || total
-------------------------+-------+-------++-------
Melee: Hand axe          |    61 |   216 ||   277
Invok: Depart the Abyss  |     1 |       ||     1
  Use: Scroll            |     2 |       ||     2
       Potion            |       |     5 ||     5
  Eat: Chunk             |       |     4 ||     4
       Ration            |       |     1 ||     1
Armor: Robe              |    12 |       ||    12
       Plate armour      |    57 |   224 ||   281
Dodge: Dodged            |    36 |    64 ||   100

Table legend:
 A = Spawn XP
 B = Non-spawn XP
 C = Spawn XP percentage of total XP
 D = Spawn monster count
 E = Non-spawn monster count
 F = Spawn count percentage of total count
 G = Total turns spent on level
                    A         B        C        D         E        F      G
               +---------+---------+-------+---------+---------+-------+---------
         Total |       0 |     387 |   0.0 |       0 |      83 |   0.0 |  2993
               +---------+---------+-------+---------+---------+-------+---------
           D:1 |       0 |      98 |   0.0 |       0 |      36 |   0.0 |   907
           D:2 |       0 |      40 |   0.0 |       0 |      16 |   0.0 |   571
           D:3 |       0 |     215 |   0.0 |       0 |      23 |   0.0 |  1376
           D:4 |       0 |      34 |   0.0 |       0 |       8 |   0.0 |    94
               +---------+---------+-------+---------+---------+-------+---------
